 Dungeon Crawl Stone Soup version 0.30-a0-528-g8c47a4955b (webtiles) character file.

Game seed: 16752723184755939516

13041 bjtr the Arsonist (level 12, 0/68 HPs)
             Began as a Gargoyle Fire Elementalist on Dec 23, 2022.
             Was a High Priest of Vehumet.
             Engulfed by a cloud of flame (3 damage)
             ... on level 12 of the Dungeon on Dec 24, 2022.
             The game lasted 01:13:35 (15111 turns).

bjtr the Arsonist (Gargoyle Fire Elementalist)     Turns: 15111, Time: 01:13:36

Health: 0/68       AC: 26    Str: 12    XL:     12   Next: 1%
Magic:  6/26       EV: 13    Int: 25    God:    Vehumet [*****.]
Gold:   1486       SH:  0    Dex: 10    Spells: 9/31 levels left

rFire   + + .      SeeInvis .    a - +6 hand axe of the Lumpy Orbs {speed, rF+ Int+4}
rCold   + . .      Faith    .    (no shield)
rNeg    + . .      Spirit   .    x - +1 robe {rC+ rF+}
rPois   ∞          Reflect  .    (no helmet)
rElec   +          Harm     .    D - +0 cloak
rCorr   .          Rampage  .    e - +1 pair of gloves
Will    .....                    T - +1 pair of boots {Fly}
Stlth   +                        w - amulet of the acrobat
HPRegen 0.31/turn                H - +4 ring of protection
MPRegen 0.20/turn                u - +4 ring of protection

@: confused, ambrosia-drunk, flying
A: sickness immunity, AC +8, negative energy resistance 1, electricity
resistance, torment resistance 1, petrification resistance
a: Renounce Religion


You were on level 12 of the Dungeon.
You worshipped Vehumet.
Vehumet was extremely pleased with you.
You visited 2 branches of the dungeon, and saw 13 of its levels.
You also visited: Ossuary and Bailey.

You collected 1486 gold pieces.

Inventory:

Hand Weapons
 a - the +6 hand axe of the Lumpy Orbs (weapon) {speed, rF+ Int+4}
   (You found it on level 4 of the Dungeon)

   Attacks with this weapon are significantly faster.
   Int:       It affects your intelligence (+4).
   rF:        It protects you from fire.
 b - a +2 sling of electrocution
 h - a +0 arbalest
 n - the +4 halberd of Descent {drain, rPois Str+4 Int+3}
   (You found it on level 6 of the Dungeon)

   A truly terrible weapon, it drains the life of any living foe it strikes.
   Str:       It affects your strength (+4).
   Int:       It affects your intelligence (+3).
   rPois:     It protects you from poison.
 O - the +7 war axe of the Fool {flame, Str+3}
   (You took it off an orc priest on level 8 of the Dungeon)

   It burns those it strikes, dealing additional fire damage.
   Big, fiery blades are also staple armaments of hydra-hunters.
   Str:       It affects your strength (+3).
Missiles
 U - 4 throwing nets
Armour
 e - a +1 pair of gloves (worn)
 q - the +5 ring mail "Robrid" {Will+}
   (You found it on level 2 of the Dungeon)

   Will:      It increases your willpower.
 x - a +1 robe of resistance (worn)
 D - a +0 cloak (worn)
 T - a +1 pair of boots of flying (worn)
Jewellery
 m - a ring of resist corrosion
 u - a +4 ring of protection (right hand)
 w - an amulet of the acrobat (around neck)
 H - a +4 ring of protection (left hand)
 M - a ring of see invisible
Wands
 c - a wand of paralysis (16)
 s - a wand of flame (16)
 I - a wand of digging (8)
 P - a wand of polymorph (11)
 V - a wand of roots (17)
 Y - a wand of quicksilver (4)
Scrolls
 d - 3 scrolls of amnesia
 f - 5 scrolls of teleportation
 g - 2 scrolls of identify
 k - a scroll of vulnerability
 l - 3 scrolls of enchant weapon
 y - a scroll of silence
 z - a scroll of magic mapping
 C - 4 scrolls of fear
 F - 2 scrolls of blinking
 N - 2 scrolls of fog
 Q - 3 scrolls of poison
 R - 2 scrolls of butterflies
 X - 2 scrolls of immolation
Potions
 i - 4 potions of mutation
 j - 4 potions of haste
 o - a potion of invisibility
 p - a potion of ambrosia
 r - a potion of might
 t - a potion of resistance
 v - 4 potions of lignification
 B - 2 potions of magic
 E - 6 potions of heal wounds
 G - a potion of brilliance
 K - 5 potions of curing


   Skills:
 + Level 5.0 Fighting
 * Level 5.8 Armour
 + Level 4.6 Dodging
 + Level 4.4 Stealth
 + Level 4.8 Shields
 * Level 10.4 Spellcasting
 * Level 7.0 Conjurations
 * Level 11.4 Fire Magic
 + Level 0.1 Poison Magic


You had 9 spell levels left.
You knew the following spells:

 Your Spells              Type           Power      Damage    Failure   Level
a - Foxfire               Conj/Fire      100%       2x1d9     1%          1
b - Scorch                Fire           100%       2d10      1%          2
c - Inner Flame           Hex/Fire       41%        N/A       1%          3
d - Flame Wave            Conj/Fire      56%        2d13      1%          4
e - Mephitic Cloud        Conj/Pois/Air  25%        N/A       1%          3
f - Call Imp              Summ           13%        N/A       7%          2
g - Hailstorm             Conj/Ice       30%        3d8       1%          3
h - Olgreb's Toxic Radia  Pois           13%        N/A       12%         4

Your spell library contained the following spells:

 Spells                   Type           Power      Damage    Failure   Level
 Dazzling Flash           Conj/Hex       60%        N/A       1%          3
 Magic Dart               Conj           100%       1d8       1%          1
 Kindle Blastsparks       Fire/Tloc/Air  64%        2d15      1%          3
 Apportation              Tloc           26%        N/A       4%          1
 Alistair's Intoxication  Tmut/Pois      8%         N/A       77%         5


Dungeon Overview and Level Annotations

Branches:
Dungeon (12/15)            Temple (1/1) D:6            Lair (0/5) D:8
    Orc (0/2) D:9         Ossuary (visited)          Bailey (visited)

Altars:
Ashenzari
Cheibriados
Dithmenos
Elyvilon
Fedhas
Gozag
Hepliaklqana
Kikubaaqudgha
Makhleb
Nemelex Xobeh
Okawaru
Qazlal
Ru
Sif Muna
Trog
Uskayaw
Vehumet
Wu Jian
Xom
Yredelemnul
Zin
The Shining One

Shops:
D:1 [   D:2 (   D:4 !   D:10 **


Innate Abilities, Weirdness & Mutations

You are immune to sickness and miasma.
Your stone body is resilient. (AC +8)
You are immune to poison.
You resist negative energy. (rN+)
You are resistant to electric shocks. (rElec)
You are resistant to unholy torment.
You are immune to petrification.


Message History

* * * LOW HITPOINT WARNING * * *
You have reached level 12!
You feel stronger.
Casting: Scorch (safe; 1% risk of failure)
Confirm with . or Enter, or press ? or * to list all spells.
Flames lash the orc warrior.
The orc warrior is burned terribly!
The orc warrior is almost dead.
You are engulfed in blazing flames.
You resist.
* * * LOW HITPOINT WARNING * * *
The orc warrior shoots a bolt.
The bolt hits you.
* * * LOW HITPOINT WARNING * * *
Unknown command.
Casting: Scorch (safe; 1% risk of failure)
Confirm with . or Enter, or press ? or * to list all spells.
Flames lash the warg.
The warg is heavily wounded.
The warg's fire resistance burns away.
You are engulfed in blazing flames.
You resist.
* * * LOW HITPOINT WARNING * * *
The orc warrior shoots a bolt.
The bolt misses you.
Unknown command.
Casting: Scorch (safe; 1% risk of failure)
Confirm with . or Enter, or press ? or * to list all spells.
Aiming: Mephitic Cloud (safe; 1% risk of failure)
Press: ? - help, Shift-Dir - straight line, f - orc warrior
Aim: an orc warrior, wielding a +0 arbalest and wearing a +0 chain mail (almost dead, strong, more vulnerable to fire, chance to affect: 81%)
The ball explodes into a vile cloud!
The stinking cloud engulfs the orc warrior but does no damage.
The orc warrior is almost dead.
The stinking cloud engulfs the warg but does no damage.
The warg is heavily wounded.
You are engulfed in blazing flames.
You resist.
* * * LOW HITPOINT WARNING * * *
The orc warrior is engulfed in noxious fumes.
The orc warrior appears confused.
Unknown command.
Unknown command.
You are confused.
You feel invigorated.
You are engulfed in blazing flames.
You resist.
You die...

#...
.... #
#..#
.#
#.○##.
#○h○.
#o○§
#○☼#
#°@#
#§§.#
#....#
#....#
#....#
##..##
####


You could see a warg (combustible) and an orc warrior (strong, confused,
combustible).

Vanquished Creatures
  Pikel (D:7)
  An orc knight (D:12)
  A cyclops (D:11)
  A moth of wrath (D:10)
  2 gargoyles (D:11)
  Joseph (D:8)
  A komodo dragon (D:10)
  3 trolls
  Sigmund (D:5)
  A shadow (D:10)
  6 wraiths
  A wyvern (D:7)
  7 yaks
  Menkaure (D:7)
  A warg (D:12)
  2 ice beasts
  A sky beast (D:7)
  Duvessa (D:7)
  9 orc warriors
  4 ogres
  2 centaurs (D:8)
  A phantom (D:5)
  Blork the orc (D:4)
  2 kobold brigands (D:8)
  2 bullfrogs
  2 necrophages (D:7)
  2 gnoll sergeants
  5 scorpions
  19 wights
  Dowan (D:7)
  5 killer bees (D:9)
  3 howler monkeys (D:8)
  2 electric eels (D:11)
  7 hounds
  A jelly (D:6)
  7 orc priests
  Jessica (D:2)
  3 iguanas
  Ijyb (D:4)
  9 orc wizards
  2 hell rats (D:7)
  8 mummies (Ossuary)
  14 gnolls
  6 adders
  9 river rats (D:7)
  2 shadow imps
  2 white imps (D:7)
  An ufetubus (D:6)
  2 worms (D:10)
  2 dart slugs (D:3)
  36 orcs
  5 bats
  2 endoplasms (D:1)
  2 giant cockroaches (D:4)
  A gnoll zombie (Ossuary)
  16 hobgoblins
  11 jackals
  25 kobolds
  8 quokkas
  5 ball pythons
  5 frilled lizards
  11 goblins
  2 hobgoblin zombies (Ossuary)
  5 kobold zombies (Ossuary)
  18 rats
322 creatures vanquished.

Vanquished Creatures (collateral kills)
  2 foxfires (D:3)
2 creatures vanquished.

Vanquished Creatures (others)
  360 foxfires
  2 fungi (D:8)
  15 plants (D:8)
  4 toadstools (D:3)
381 creatures vanquished.

Grand Total: 705 creatures vanquished

Notes
Turn   | Place    | Note
-------+----------+-------------------------------------------
     0 | D:1      | bjtr the Gargoyle Fire Elementalist began the quest for the
                  | Orb.
     0 | D:1      | Reached XP level 1. HP: 10/10 MP: 3/3
   103 | D:1      | Found Tairch's Armour Boutique.
   308 | D:1      | Reached XP level 2. HP: 15/15 MP: 0/5
   311 | D:1      | Learned a level 2 spell: Scorch
  1243 | D:2      | Reached XP level 3. HP: 19/19 MP: 4/6
  1247 | D:2      | Learned a level 3 spell: Inner Flame
  1296 | D:2      | Found Dair's Weapon Boutique.
  1358 | D:2      | Found a faded altar of an unknown god.
  1511 | D:2      | Noticed Jessica
  1711 | D:2      | Identified the +5 ring mail "Robrid" {Will+}
  1851 | D:2      | Killed Jessica
  1852 | D:2      | Reached XP level 4. HP: 24/24 MP: 1/7
  1931 | D:2      | Reached skill level 1 in Armour
  2318 | D:3      | Reached skill level 4 in Fire Magic
  2320 | D:3      | Reached skill level 1 in Shields
  2510 | D:3      | Found an ancient bone altar of Kikubaaqudgha.
  2598 | D:3      | Reached XP level 5. HP: 21/28 MP: 3/8
  3078 | D:3      | Found a burning altar of Makhleb.
  3411 | D:4      | Reached XP level 6. HP: 32/32 MP: 3/10
  3549 | D:4      | HP: 1/32 [gnoll/+2 halberd of venom (6)]
  3782 | D:4      | Found Uryuhof's Distillery.
  3862 | D:4      | Identified the +6 hand axe of the Lumpy Orbs {speed, rF+
                  | Int+4}
  3940 | D:4      | Noticed Blork the orc
  3947 | D:4      | Killed Blork the orc
  4103 | D:4      | Noticed Ijyb
  4107 | D:4      | Killed Ijyb
  4208 | D:4      | Reached skill level 5 in Fire Magic
  4208 | D:4      | Reached XP level 7. HP: 36/36 MP: 12/12
  4392 | D:5      | Entered Level 5 of the Dungeon
  4543 | D:5      | Found a blossoming altar of Fedhas.
  4859 | D:5      | Noticed Sigmund
  4925 | D:5      | Killed Sigmund
  4926 | D:5      | Reached XP level 8. HP: 42/42 MP: 5/14
  5220 | D:5      | Learned a level 4 spell: Flame Wave
  5224 | D:5      | Learned a level 3 spell: Mephitic Cloud
  5533 | D:5      | Upgraded the game from 0.30-a0-509-gd016549fea to
                  | 0.30-a0-528-g8c47a4955b
  5663 | D:5      | Found a sacrificial altar of Ru.
  5800 | D:5      | Learned a level 2 spell: Call Imp
  5819 | D:6      | Found a sparkling altar of Nemelex Xobeh.
  5920 | D:6      | Identified the +4 halberd of Descent {drain, rPois Str+4
                  | Int+3}
  5994 | D:6      | Reached skill level 6 in Fire Magic
  6153 | D:6      | Reached skill level 5 in Spellcasting
  6528 | D:6      | Found a staircase to the Ecumenical Temple.
  6652 | Temple   | Entered the Ecumenical Temple
  6886 | Temple   | Became a worshipper of Vehumet
  7005 | D:6      | Found a glowing silver altar of Zin.
  7007 | D:6      | Found an iron altar of Okawaru.
  7073 | D:7      | Noticed Duvessa
  7073 | D:7      | Noticed Dowan
  7080 | D:7      | Killed Dowan
  7081 | D:7      | Killed Duvessa
  7082 | D:7      | Reached XP level 9. HP: 46/46 MP: 4/17
  7090 | D:7      | Reached skill level 9 in Fire Magic
  7090 | D:7      | Reached XP level 10. HP: 58/58 MP: 6/22
  7148 | D:7      | Found a flagged portal.
  7155 | Bailey   | Entered a bailey
  7387 | Bailey   | Identified the +4 scale mail "Ryim" {rN+ Will+ Dex+2}
  7652 | Bailey   | Reached * piety under Vehumet
  7652 | Bailey   | Offered knowledge of Freeze by Vehumet.
  8472 | D:7      | Noticed Pikel
  8491 | D:7      | Killed Pikel
  8761 | D:7      | Offered knowledge of Static Discharge by Vehumet.
  8765 | D:7      | Reached ** piety under Vehumet
  8930 | D:7      | Reached skill level 10 in Fire Magic
  9128 | D:7      | Offered knowledge of Hailstorm by Vehumet.
  9133 | D:7      | Learned a level 3 spell: Hailstorm
  9292 | D:7      | Noticed Menkaure
  9297 | D:7      | Killed Menkaure
  9311 | D:7      | Found a shimmering blue altar of Sif Muna.
  9607 | D:8      | Reached *** piety under Vehumet
  9613 | D:8      | Found a stormy altar of Qazlal.
  9615 | D:8      | Found a sand-covered staircase.
  9697 | Ossuary  | Entered an ossuary
  9711 | Ossuary  | Offered knowledge of Olgreb's Toxic Radiance by Vehumet.
  9718 | Ossuary  | Learned a level 4 spell: Olgreb's Toxic Radiance
  9738 | Ossuary  | Reached skill level 5 in Armour
  9997 | D:8      | Reached XP level 11. HP: 62/62 MP: 21/23
 10005 | D:8      | Found a staircase to the Lair.
 10057 | D:8      | Noticed Joseph
 10075 | D:8      | Killed Joseph
 10252 | D:8      | Reached **** piety under Vehumet
 10405 | D:8      | Offered knowledge of Dazzling Flash by Vehumet.
 10565 | D:8      | Identified the +7 war axe of the Fool {flame, Str+3}
 10939 | D:9      | Reached skill level 5 in Fighting
 11424 | D:9      | Found a staircase to the Orcish Mines.
 11819 | D:10     | Entered Level 10 of the Dungeon
 12155 | D:10     | Found Nubusyxti's General Store.
 12158 | D:10     | Found Fitisit's Specific Store.
 12719 | D:10     | Found an opulent altar of Gozag.
 12864 | D:10     | Noticed a moth of wrath
 12870 | D:10     | Found a bloodstained altar of Trog.
 12885 | D:10     | Killed a moth of wrath
 12886 | D:10     | Reached skill level 11 in Fire Magic
 13756 | D:11     | Noticed a cyclops
 13761 | D:11     | Killed a cyclops
 14056 | D:11     | Reached skill level 10 in Spellcasting
 14089 | D:11     | Reached ***** piety under Vehumet
 15098 | D:12     | Noticed an orc knight
 15107 | D:12     | Killed an orc knight
 15108 | D:12     | Reached XP level 12. HP: 13/68 MP: 12/26
 15110 | D:12     | HP: 3/68 [cloud of flame (5)]
 15111 | D:12     | Engulfed by a cloud of flame

Illustrated notes

Levels and vault maps discovered:
D:1:      lemuel_arrival_tunnels, layout_basic, serial_shops, nicolae_shop_trees
D:2:      layout_loops_ring, serial_aquarium, aquarium_bridge_long_separate
          [aquarium_subvault_bridge, aquarium_subvault_wall,
          aquarium_subvault_wall, aquarium_subvault_bridge,
          aquarium_subvault_window, aquarium_subvault_balcony],
          aquarium_bridge_square [aquarium_subvault_wall,
          aquarium_subvault_bridge, aquarium_subvault_balcony,
          aquarium_subvault_balcony], aquarium_window_corner,
          aquarium_window_fake, aquarium_window_1, aquarium_view_2c,
          aquarium_view_2b, serial_shops, nicolae_shop_advertising_works
          [nicolae_subvault_shop_adworks], shapermc_ecumenical_altar_ellora,
          uniq_jessica
D:3:      layout_rooms, lemuel_coloured_pillars_altar, lemuel_round_altar,
          st_stairs_6, chequers_garden, minmay_gold_behind_fungi
D:4:      layout_basic, serial_shops, shop, uniq_blork_the_orc, uniq_ijyb
D:5:      layout_loops_corners, nicolae_ru_path_of_blood,
          mainiacjoe_overflow_24_doors, kennysheep_minor_cross, uniq_sigmund
D:6:      layout_rooms, nicolae_overflow_hidden_temple,
          mainiacjoe_overflow_alcove_1, minmay_temple_entry_glass
D:7:      lemuel_ratsnest, layout_loops_ring, nicolae_overflow_crystal_walls,
          enter_bailey_3, glass_columns_b, minmay_tree_intersection,
          uniq_duvessa, uniq_pikel, uniq_menkaure
D:8:      kennysheep_housing_project, layout_rooms, overflow_temple_1_default,
          dpeg_oklobed_lair, enter_ossuary_5, uniq_joseph
D:9:      layout_cave_pods, orc_0_dummy
D:10:     layout_layer_cave, lemuel_crystal_altar, tgw_trog,
          nicolae_specific_store, minivault_24
D:11:     layout_layer_cave, hive_lemuel
D:12:     layout_gridville
Temple:   bh_familiar_temple

Skill      XL: |  1  2  3  4  5  6  7  8  9 10 11 |
---------------+----------------------------------+-----
Armour         | 1 2 3 4 5 |  5.8
Fire Magic     | 4 5 6 9 10 11 | 11.4
Shields        | 1 2 3 4 |  4.8
Conjurations   | 2 3 6 7 |  7.0
Spellcasting   | 3 4 5 8 10 | 10.4
Dodging        | 2 4 |  4.6
Stealth        | 3 4 |  4.4
Fighting       | 4 5 |  5.0
Poison Magic   | |  0.1

Action                   |  1- 3 |  4- 6 |  7- 9 | 10-12 || total
-------------------------+-------+-------+-------+-------++-------
Melee: Club              |     2 |    39 |       |       ||    41
       Trident           |       |    24 |       |       ||    24
       Hand axe          |       |     7 |    52 |   221 ||   280
       Halberd           |       |     3 |       |       ||     3
       Punch             |       |     1 |     1 |     1 ||     3
 Cast: Foxfire           |    43 |    64 |    11 |    90 ||   208
       Scorch            |       |    18 |    51 |   170 ||   239
       Mephitic Cloud    |       |       |     1 |    10 ||    11
       Flame Wave        |       |       |       |    11 ||    11
       Inner Flame       |       |       |       |    20 ||    20
       Olgreb's Toxic Ra |       |       |       |     3 ||     3
  Use: Scroll            |     7 |     4 |     6 |    10 ||    27
       Potion            |       |     1 |     1 |     1 ||     3
 Stab: Sleeping          |       |       |     4 |     1 ||     5
       Confused          |       |       |       |     4 ||     4
Armor: Robe              |     4 |       |     2 |   102 ||   108
       Ring mail         |       |    38 |       |       ||    38
       Leather armour    |       |    49 |    21 |       ||    70
Dodge: Dodged            |    10 |   110 |    40 |   208 ||   368

Table legend: (Time is in decaauts)
 A = Elapsed time spent in this place.
 B = Non-inter-level travel time spent in this place.
 C = Inter-level travel time spent in this place.
 D = Time resting spent in this place.
 E = Time spent auto-exploring this place.
 F = Levels seen in this place.
 G = Mean time per level.
                   A        B        C        D        E       F      G
               +--------+--------+--------+--------+--------+-----+--------+
         Total |  15095 |  14322 |    773 |   2612 |   9052 |  15 | 1006.3 |
       Dungeon |  13778 |  13028 |    750 |   2194 |   8505 |  12 | 1148.2 |
        Temple |    281 |    258 |     23 |      0 |    228 |   1 |  281.0 |
       Ossuary |    232 |    232 |      0 |      0 |    149 |   1 |  232.0 |
        Bailey |    801 |    801 |      0 |    418 |    170 |   1 |  801.0 |
               +--------+--------+--------+--------+--------+-----+--------+

Top non-repeatable levels by time:
     D:7: 1624 daAuts
    D:10: 1575 daAuts
    D:11: 1545 daAuts
     D:5: 1419 daAuts
     D:4: 1169 daAuts
     D:2: 1160 daAuts
     D:8: 1140 daAuts
     D:6: 1095 daAuts
     D:3: 1050 daAuts
     D:1: 1027 daAuts
     D:9: 958 daAuts
  Bailey: 801 daAuts
  Temple: 281 daAuts
 Ossuary: 232 daAuts
    D:12: 12 daAuts
